[Event "*** Titled Tuesday Blitz"]
[Site "Chess.com"]
[Date "2020.05.05"]
[Round "9"]
[White "viktorskliarov"]
[Black "ninullia"]
[Result "1-0"]
[WhiteElo "2581"]
[BlackElo "2454"]
[TimeControl "180+1"]
[EndTime "11:47:40 PDT"]
[Termination "viktorskliarov won on time"]

1. e4 e5 2. Nc3 Nc6 3. Bc4 Nf6 4. d3 Bd6 5. a3 O-O 6. Nge2 h6 7. O-O a6 8. Ng3 Bc5 9. Kh1 d6 10. h3 Ne7 11. f4 exf4 12. Bxf4 Ng6 13. d4 Ba7 14.
Be3 b5 15. Bb3 c5 16. Bd5 Rb8 17. b4 Qc7 18. Rxf6 gxf6 19. Qh5 Be6 20. Nf5 cxd4 21. Qxh6 Bxf5 22. exf5 Ne5 23. Qxf6 dxe3 24. Qg5+ 1-0

[Event "*** Titled Tuesday Blitz"]
[Site "Chess.com"]
[Date "2020.05.05"]
[Round "9"]
[White "atalz0"]
[Black "Quattroporte300"]
[Result "1-0"]
[WhiteElo "2482"]
[BlackElo "2328"]
[TimeControl "180+1"]
[EndTime "11:47:41 PDT"]
[Termination "atalz0 won by resignation"]

1. d4 Nf6 2. c4 e6 3. Nc3 d5 4. cxd5 exd5 5. Bg5 c6 6. e3 h6 7. Bh4 Be7 8. Bd3 O-O 9. Nge2 Ne4 10. Bxe7 Qxe7 11. O-O Bf5 12. Bxe4 dxe4 13. Ng3 Bg6 14. Qg4 Re8 15. d5 cxd5 16. Nxd5 Qe5 17. Nf4 Bh7 18. Rad1 Nc6 19. b3 Rad8 20. h4 Nb4 21. Nfh5 Nd3 22. Rd2 Bg6 23. Rfd1 Kh7 24. Nf4 Nxf4 25. Rxd8 Rxd8 26.
Rxd8 Nd3 27. h5 Qa1+ 28. Kh2 Nxf2 29. hxg6+ fxg6 30. Qc8 1-0

[Event "*** Titled Tuesday Blitz"]
[Site "Chess.com"]
[Date "2020.05.05"]
[Round "9"]
[White "svilson23"]
[Black "lucasmito"]
[Result "0-1"]
[WhiteElo "2260"]
[BlackElo "2429"]
[TimeControl "180+1"]
[EndTime "11:47:41 PDT"]
[Termination "lucasmito won by resignation"]

1. d4 d5 2. Bg5 Nf6 3. Bxf6 gxf6 4. c4 c6 5. e3 Qb6 6. Qd2 Bf5 7. Nc3 e6 8. Nge2 Nd7 9. Ng3 Bg6 10. h4 h5 11. Be2 O-O-O 12. c5 Qc7 13. b4 e5 14. b5 Kb8 15. Rb1 Ka8 16. Rb3 Nxc5 17. dxc5 Bxc5 18.
bxc6 bxc6 19. O-O d4 20. exd4 Bxd4 21. Qc1 f5 22. Bc4 e4 23. Nce2 Be5 24. f4 exf3 25.
Rfxf3 Rd7 26. Ba6 Rhd8 27. Rf1 Qd6 28. Qb1 Bxg3 29. Bb7+ Rxb7 30. Rxb7 Qc5+ 31. Kh1 f4 32. Rc7 Bxb1 0-1

[Event "*** Titled Tuesday Blitz"]
[Site "Chess.com"]
[Date "2020.05.05"]
[Round "9"]
[White "annacramling"]
[Black "Chessalary"]
[Result "0-1"]
[WhiteElo "1933"]
[BlackElo "2169"]
[TimeControl "180+1"]
[EndTime "11:47:42 PDT"]
[Termination "Chessalary won by resignation"]

1. d4 d5 2. c4 e6 3. Nc3 c6 4. e3 Nf6 5. Nf3 Nbd7 6. Bd3 b6 7.
cxd5 cxd5 8. O-O Bb7 9. Bd2 Be7 10. Rc1 O-O 11. Qe2 a6 12. Rfd1 Ne4 13. Be1 f5 14.
Nd2 g5 15. f3 Nxd2 16. Bxd2 Nf6 17. Qf2 g4 18. Kh1 Ne4 19. fxe4 fxe4 20. Qg3 exd3 21. Qxg4+ Kh8 22. Rf1 Qd6 23. e4 dxe4 24. Nxe4 Qd5 25. Ng5 Bxg5 26. Bxg5 Qe4 27. Bf6+ Rxf6 28. Qxe4 Rxf1+ 29. Rxf1 Bxe4 30. Rf7 d2 31. Rf1 Rc8 0-1

[Event "*** Titled Tuesday Blitz"]
[Site "Chess.com"]
[Date "2020.05.05"]
[Round "9"]
[White "platy3"]
[Black "wonderfultime"]
[Result "1-0"]
[WhiteElo "2730"]
[BlackElo "2908"]
[TimeControl "180+1"]
[EndTime "11:47:43 PDT"]
[Termination "platy3 won by resignation"]

1. e4 c5 2. Nf3 Nf6 3. e5 Nd5 4. Nc3 e6 5. Nxd5 exd5 6. d4 Nc6 7. c3 d6 8. exd6 Bxd6 9. Be2 O-O 10. O-O Re8 11.
Be3 c4 12. b3 cxb3 13. axb3 Re6 14. c4 Rg6 15. cxd5 Bh3 16. g3 Bxf1 17. Bxf1 Nb4 18. Bc4 b5 19. Bd3 Nxd5 20. Bxg6 hxg6 21. Qd3 a6 22. Bg5 Qd7 23. Qe4 Bf8 24. Ne5 Qe6 25. Bd2 Re8 26. Qf3 Bb4 27. Rxa6 Qxa6 28. Qxf7+ Kh7 29.
Qxe8 Qa1+ 30. Kg2 Qxd4 31. Nf7 g5 32. Nxg5+ 1-0

[Event "*** Titled Tuesday Blitz"]
[Site "Chess.com"]
[Date "2020.05.05"]
[Round "9"]
[White "Artem_Sadovsky"]
[Black "theblitzchamp"]
[Result "0-1"]
[WhiteElo "2553"]
[BlackElo "2693"]
[TimeControl "180+1"]
[EndTime "11:47:44 PDT"]
[Termination "theblitzchamp won by checkmate"]

1. Nf3 Nf6 2. c4 e6 3. b3 b6 4. Bb2 Bb7 5. g4 Nxg4 6. Bg2 Nf6 7. O-O Be7 8. d4 d5 9. Nc3 O-O 10. Ne5 Nbd7 11. f4 c5 12. cxd5 Nxd5 13. Nxd5 exd5 14. e3 Rc8 15. Bh3 Bc6 16. Qf3 Nxe5 17. dxe5 d4 18.
Qg3 Bd7 19. f5 f6 20. exd4 cxd4 21. Bxd4 Bxf5 22. Rad1 fxe5 23. Rxf5 exd4 24. Rxf8+ Bxf8 25. Bxc8 Qxc8 26. Qe5 Qg4+ 27. Kf2 Qxd1 28. Qd5+ Kh8 29. Qf7 Qd2+ 30. Kf1 Qb4 31. Ke2 Qe7+ 32. Qxe7 Bxe7 33. Kd3 Bf6 34. h3 g5 35. Ke4 h5 36. Kf5 Kg7 37. Ke4 g4 38. hxg4 hxg4 39. a4 Kg6 40. a5 bxa5 41. Kd5 d3 42. b4 d2 43. Kc4 d1=Q 44.
bxa5 Qd4+ 45. Kb5 Be7 46. Ka6 Qc5 47. Kb7 Qb5+ 48. Ka8 Qd7 49. a6 Kf6 50. Kb8 Ke6 51. Ka8 Kd6 52. Kb8 Kc6 53. Ka8 Kb6 54. Kb8 Qd8# 0-1

[Event "*** Titled Tuesday Blitz"]
[Site "Chess.com"]
[Date "2020.05.05"]
[Round "9"]
[White "MiroVlasenko"]
[Black "RobPeresian"]
[Result "0-1"]
[WhiteElo "2570"]
[BlackElo "2332"]
[TimeControl "180+1"]
[EndTime "11:47:44 PDT"]
[Termination "RobPeresian won by resignation"]

1. e4 c5 2. Nc3 e6 3. f4 Nc6 4. Nf3 Nd4 5. Nxd4 cxd4 6. Ne2 Qb6 7. d3 Bb4+ 8. c3 dxc3 9. bxc3 Ba5 10. Ba3 Nf6 11.
Rb1 Qc6 12. Qd2 a6 13. Rb3 d5 14. e5 Nd7 15. d4 Nb6 16. Ng3 Nc4 17. Bxc4 dxc4 18.
Rb1 b5 19. Nh5 Rg8 20. O-O Bb7 21. Rf3 Qe4 22. Rbf1 Qg6 23. Rh3 O-O-O 24. f5 exf5 25. Nf4 Qg5 26. Rg3 Qh6 27. Qf2 Be4 28. d5 Kb7 29. Qc5 Bb6 0-1

[Event "*** Titled Tuesday Blitz"]
[Site "Chess.com"]
[Date "2020.05.05"]
[Round "9"]
[White "MathiasWomacka"]
[Black "Redbandit87"]
[Result "0-1"]
[WhiteElo "2438"]
[BlackElo "2460"]
[TimeControl "180+1"]
[EndTime "11:47:44 PDT"]
[Termination "Redbandit87 won on time"]

1. e4 e5 2. Nf3 Nc6 3. Bc4 Nf6 4. d3 h6 5. O-O d6 6. c3 g5 7. Re1 g4 8. Nfd2 Bg7 9. Nf1 h5 10. Bg5 Be6 11. Bxe6 fxe6 12. Qb3 Qd7 13. Qxb7 Rb8 14. Qa6 Rxb2 15. Nbd2 O-O 16. Nc4 Rxf2 17. Kxf2 Nxe4+ 18. Kg1 Nxg5 19. Ng3 d5 20. Nd2 e4 21. dxe4 Bxc3 22. Rad1 h4 23. exd5 Bd4+ 24. Kh1 hxg3 25.
Rf1 Bf2 26. Qxc6 Qh7 27. h3 gxh3 28. Rxf2 hxg2+ 29. Kxg2 Qh2+ 0-1

[Event "*** Titled Tuesday Blitz"]
[Site "Chess.com"]
[Date "2020.05.05"]
[Round "9"]
[White "SaqoChess_Twitch"]
[Black "chenxiaoyuer"]
[Result "1-0"]
[WhiteElo "2407"]
[BlackElo "2222"]
[TimeControl "180+1"]
[EndTime "11:47:44 PDT"]
[Termination "SaqoChess_Twitch won by resignation"]

1. d4 Nf6 2. c4 g6 3. Nc3 Bg7 4. Nf3 O-O 5. Bf4 d6 6. h3 Nfd7 7. e3 e5 8. Bh2 Nc6 9. Be2 Kh8 10. O-O f5 11. Rb1 e4 12. Nd2 Nf6 13. b4 Ne7 14. b5 c6 15. a4 d5 16. bxc6 bxc6 17. cxd5 Nexd5 18. Nxd5 Nxd5 19. Qc2 Bd7 20. Nc4 c5 21. Bd6 cxd4 22. Bxf8 Qxf8 23. exd4 Rc8 24. Rb7 Be6 25. Qd2 f4 26. Ne5 Bxe5 27. dxe5 f3 28. Bd1 fxg2 29. Re1 e3 30. Rxe3 Nxe3 31. Qxe3 Rd8 32.
Bf3 Bxh3 33. Bxg2 Rd1+ 34. Kh2 Bxg2 35. Kxg2 Qf5 36. Rb8+ Kg7 37. Qxa7+ Kh6 38. Qe3+ Kg7 39. Rb7+ Kh8 40. Rb4 Rd8 41. e6 Re8 42. Re4 Kg8 43.
e7 Qf7 44. a5 Qd5 45. a6 Qd7 46. a7 Qb7 47. f3 Qa8 48. Qb3+ Kg7 49. Qc3+ Kg8 50.
Qc4+ Kg7 51. Qd4+ Kg8 52. Kg3 Qb7 53. Qd8 Kf7 54. Rf4+ Ke6 55. Qxe8 1-0

[Event "*** Titled Tuesday Blitz"]
[Site "Chess.com"]
[Date "2020.05.05"]
[Round "9"]
[White "Piotrek1979"]
[Black "Shukh_Nikolay"]
[Result "0-1"]
[WhiteElo "2283"]
[BlackElo "2511"]
[TimeControl "180+1"]
[EndTime "11:47:44 PDT"]
[Termination "Shukh_Nikolay won by checkmate"]

1. Nf3 d5 2. g3 f5 3. Bg2 Nf6 4. c4 e6 5. d3 c6 6. O-O Bd6 7. b3 O-O 8. Bb2 Nbd7 9. Qc2 e5 10. cxd5 cxd5 11. Nc3 a6 12. Rac1 Qe7 13. e4 d4 14.
Nd5 Nxd5 15. exd5 Nf6 16. Rfe1 Nxd5 17. Nxe5 Nb4 18. Qc4+ Be6 19. Ng6 Bxc4 20. Nxe7+ Bxe7 21. Rxe7 Bf7 22. Rcc7 Rad8 23. Ba3 Nxd3 24. Bf1 Nxf2 25. Kxf2 d3 26. Red7 d2 27. Be2 Rfe8 28.
Rxf7 Rxe2+ 29. Kf3 Re7 30. Rcxe7 d1=Q+ 31. Kf4 Qg4+ 32. Ke5 Qe4# 0-1

[Event "*** Titled Tuesday Blitz"]
[Site "Chess.com"]
[Date "2020.05.05"]
[Round "9"]
[White "ChessWarrior7197"]
[Black "Harut-1998"]
[Result "1-0"]
[WhiteElo "2876"]
[BlackElo "2749"]
[TimeControl "180+1"]
[EndTime "11:47:46 PDT"]
[Termination "ChessWarrior7197 won by resignation"]

1. e4 e6 2. d4 d5 3. Nc3 Bb4 4. Ne2 dxe4 5. a3 Bxc3+ 6. Nxc3 Nc6 7. d5 exd5 8. Qxd5 Be6 9. Qxd8+ Rxd8 10. Bf4 Nf6 11.
Bxc7 Rd7 12. Bf4 Ke7 13. Be2 Nd4 14. O-O-O Nxe2+ 15. Nxe2 Rhd8 16. Rxd7+ Rxd7 17. Ng3 Nd5 18. Be5 f6 19. Bb8 f5 20. Bxa7 Nf4 21. Rg1 Kf6 22. a4 g5 23. Be3 Ke5 24. f3 exf3 25. gxf3 Bd5 26. Bxf4+ gxf4 27. Re1+ Kf6 28. Ne2 Bxf3 29.
Nxf4 Rd4 30. Nd3 Rxa4 31. Re3 Be4 32. Nc5 Rc4 33. Nxe4+ Rxe4 34. Rxe4 fxe4 35. Kd2 Kf5 36. Ke3 Ke5 37. c4 b6 38. h4 h5 39. b3 Kf5 40. b4 Ke5 41. b5 Kf5 42. c5 bxc5 43. b6 1-0

[Event "*** Titled Tuesday Blitz"]
[Site "Chess.com"]
[Date "2020.05.05"]
[Round "9"]
[White "DrBergerBerger"]
[Black "Lagmantr"]
[Result "0-1"]
[WhiteElo "2495"]
[BlackElo "2699"]
[TimeControl "180+1"]
[EndTime "11:47:46 PDT"]
[Termination "Lagmantr won by resignation"]

1. e4 c6 2. Nc3 d5 3. Nf3 dxe4 4. Nxe4 Nf6 5. Qe2 Nxe4 6. Qxe4 g6 7. d4 Bg7 8. Bc4 O-O 9. O-O Nd7 10. Re1 e6 11. c3 c5 12. Bg5 Qc7 13. d5 exd5 14. Qxd5 Nb6 15. Qd3 Bf5 16. Qf1 Nxc4 17. Qxc4 h6 18. Bh4 Rfe8 19. Bg3 Qb6 20. Re2 Be6 21. Qa4 Bd7 22. Rxe8+ Bxe8 23. Qc2 Bc6 24. Ne5 Bd5 25. c4 Be6 26. Re1 Bf5 27. Qc1 Re8 28. b3 Qa5 29.
Re2 Kh7 30. h3 Re6 31. Kh2 f6 0-1

[Event "*** Titled Tuesday Blitz"]
[Site "Chess.com"]
[Date "2020.05.05"]
[Round "9"]
[White "peixe64"]
[Black "CalinGheorghiu"]
[Result "0-1"]
[WhiteElo "2223"]
[BlackElo "2381"]
[TimeControl "180+1"]
[EndTime "11:47:46 PDT"]
[Termination "CalinGheorghiu won on time"]

1. d4 Nf6 2. c4 e6 3. Nc3 Bb4 4. e3 O-O 5. Ne2 c6 6. a3 Ba5 7. b4 Bc7 8. Bb2 d5 9. Ng3 Nbd7 10.
Be2 e5 11. cxd5 cxd5 12. Nb5 Bb8 13. O-O e4 14. Rc1 a6 15. Nc3 Re8 16. Qb3 Nf8 17. Rc2 Be6 18. Rfc1 Ng6 19. Na4 Ng4 20. Nc5 Qg5 21.
Nxe6 fxe6 22. Bxg4 Qxg4 23. Rc8 Bxg3 24. Rxe8+ Rxe8 25. hxg3 Rf8 26. Qd1 Qf5 27. Qd2 h5 28. Rf1 h4 29.
gxh4 Nxh4 30. Qe2 Nf3+ 0-1

[Event "*** Titled Tuesday Blitz"]
[Site "Chess.com"]
[Date "2020.05.05"]
[Round "9"]
[White "Nellichka"]
[Black "zala02"]
[Result "0-1"]
[WhiteElo "2085"]
[BlackElo "2266"]
[TimeControl "180+1"]
[EndTime "11:47:46 PDT"]
[Termination "zala02 won by resignation"]

1. d4 Nf6 2. c4 e6 3. Nc3 Bb4 4. e3 d5 5. Ne2 O-O 6. a3 Bxc3+ 7. bxc3 c5 8. cxd5 exd5 9. Nf4 Nc6 10. Bd3 c4 11.
Bc2 Re8 12. O-O Ne4 13. Bd2 b5 14. f3 Nf6 15. Qb1 Rb8 16. e4 dxe4 17. fxe4 Nxd4 18.
cxd4 Qxd4+ 19. Rf2 Ng4 20. Be1 Bb7 21. h3 Nxf2 22. Bxf2 Qd2 23. Nd5 Bxd5 24. exd5 Re2 25. Bxh7+ Kh8 26. Qf5 Rxf2 27. Qxf2 Qxf2+ 28. Kxf2 Kxh7 29. d6 Rd8 30. Rd1 Kg6 31. Ke3 Kf6 32.
Rd5 a6 33. a4 b4 34. Rc5 c3 35. Rc4 a5 36. Rc5 Rxd6 37. Rxa5 c2 38. Rc5 b3 0-1

[Event "*** Titled Tuesday Blitz"]
[Site "Chess.com"]
[Date "2020.05.05"]
[Round "9"]
[White "martabartel"]
[Black "Kostya26"]
[Result "0-1"]
[WhiteElo "2287"]
[BlackElo "2433"]
[TimeControl "180+1"]
[EndTime "11:47:47 PDT"]
[Termination "Kostya26 won on time"]

1. d4 d5 2. c4 e6 3. Nf3 Nf6 4.
Nc3 c6 5. e3 Nbd7 6. Be2 dxc4 7.
Bxc4 b5 8. Be2 a6 9. O-O c5 10. b3 Be7 11. Bb2 O-O 12. Rc1 Bb7 13. Ne5 Nxe5 14.
dxe5 Ne4 15. Nxe4 Bxe4 16. a4 Qb6 17. Qd7 Ra7 18. Qd2 Rd8 19. Qc3 Rad7 20. Rcd1 Bd5 21.
axb5 axb5 22. Ra1 Qb7 23. Ra5 b4 24. Qc1 Bxg2 25. Re1 Qe4 26. Qc4 Qg6 27. Qg4 Be4 28. Qxg6 Bxg6 29. Bc4 Rd2 30. Ba1 Be4 0-1

[Event "*** Titled Tuesday Blitz"]
[Site "Chess.com"]
[Date "2020.05.05"]
[Round "9"]
[White "Turquoise_2701"]
[Black "mamey78"]
[Result "0-1"]
[WhiteElo "2160"]
[BlackElo "2328"]
[TimeControl "180+1"]
[EndTime "11:47:47 PDT"]
[Termination "mamey78 won by resignation"]

1. c4 e5 2. Nf3 Nc6 3. Nc3 Nf6 4. g3 d5 5. cxd5 Nxd5 6. Bg2 Nb6 7. O-O Be7 8. d3 g5 9. a3 g4 10. Ne1 h5 11. b4 h4 12. Bb2 hxg3 13. fxg3 a5 14.
b5 Bc5+ 15. Kh1 Qg5 16. Bxc6+ bxc6 17. Ng2 Bb7 18. Qb3 O-O-O 19. Ne4 Qh5 20. Nh4 cxb5 21. Rf5 Qh7 22. Bxe5 Rhe8 23. Bxc7 Rxe4 24. Rxc5 Rb4+ 25.
e4 Rxb3 26. Bxb6+ Kb8 27. Bxd8 Rxd3 28. Re1 Rxd8 29. Rxb5 Qg7 30. Reb1 Rd7 31. Nf5 Qc3 32. Nd6 Rxd6 33. Rxb7+ Kc8 34. Rb8+ Kd7 35. R8b7+ Ke6 0-1

[Event "*** Titled Tuesday Blitz"]
[Site "Chess.com"]
[Date "2020.05.05"]
[Round "9"]
[White "vpsetter"]
[Black "penguingm1"]
[Result "0-1"]
[WhiteElo "2652"]
[BlackElo "2849"]
[TimeControl "180+1"]
[EndTime "11:47:48 PDT"]
[Termination "penguingm1 won by resignation"]

1. e4 e5 2. Nf3 Nc6 3. Bc4 Bc5 4. d3 Nf6 5. O-O a6 6. h3 O-O 7. Re1 Ba7 8. Nbd2 d6 9. a4 Be6 10. c3 h6 11. b4 Kh8 12. Qb3 b5 13. Bxe6 fxe6 14.
Qxe6 Nh5 15. axb5 axb5 16. Nb3 Rf6 17. Qd5 Qe8 18. Na5 Ne7 19. Qb3 Qg6 20. Kf1 Bxf2 21. Re2 Bb6 22. Rea2 Raf8 23. Qd1 Rxf3+ 24. gxf3 Qg1+ 0-1

[Event "*** Titled Tuesday Blitz"]
[Site "Chess.com"]
[Date "2020.05.05"]
[Round "9"]
[White "1f3_2g41-0"]
[Black "boasovietica"]
[Result "0-1"]
[WhiteElo "2298"]
[BlackElo "2461"]
[TimeControl "180+1"]
[EndTime "11:47:48 PDT"]
[Termination "boasovietica won by checkmate"]

1. e4 e5 2. Nf3 Nc6 3. Bb5 a6 4. Ba4 Nf6 5. O-O Be7 6. c3 Nxe4 7. Re1 Nc5 8. Bxc6 dxc6 9. Nxe5 O-O 10. d4 Nd7 11. f4 Nxe5 12. fxe5 Be6 13. Bf4 c5 14.
Be3 cxd4 15. cxd4 Rc8 16. Nc3 Bb4 17. a3 Bxc3 18. bxc3 Qd5 19. Rb1 b5 20. Qf3 Rfd8 21. Qg3 Kh8 22. Bg5 Rd7 23. Re3 c5 24. Rd1 Qb3 25. Rf1 cxd4 26. cxd4 Qb2 27. h4 Qxd4 28. Kh2 h6 29. Rf4 Qd1 30. Re1 Qh5 31.
Bf6 gxf6 32. exf6 Rg8 33. Qc3 Qg6 34. g3 Rd3 35. Re3 Rxc3 36. Rxc3 Qb1 37. Rf2 Bd5 38.
g4 Qh1+ 39. Kg3 Qg1+ 40. Kf4 Qxf2+ 41. Ke5 Qe1+ 42. Kd6 Qxc3 43. g5 Qc6+ 44. Ke7 Qe6# 0-1

[Event "*** Titled Tuesday Blitz"]
[Site "Chess.com"]
[Date "2020.05.05"]
[Round "9"]
[White "Grischuk"]
[Black "mishikomchedlishvili"]
[Result "1-0"]
[WhiteElo "3111"]
[BlackElo "2848"]
[TimeControl "180+1"]
[EndTime "11:47:49 PDT"]
[Termination "Grischuk won on time"]

1. Nf3 Nf6 2. g3 d5 3. Bg2 c6 4. c4 Bg4 5. Ne5 Be6 6. cxd5 Bxd5 7. Nf3 Nbd7 8. Nc3 Bxf3 9. Bxf3 e5 10. O-O Bc5 11. e3 O-O 12. d4 exd4 13. exd4 Bd6 14. d5 c5 15. Nb5 Ne5 16. Bg2 Ng6 17. Be3 b6 18. Rc1 Ne8 19. b4 cxb4 20. Qb3 a5 21. Rfe1 h6 22. h4 Ne7 23. Bd4 Rc8 24. a3 bxa3 25.
Nxd6 Nxd6 26. Bxb6 Qd7 27. Qxa3 Nc4 28. Rxc4 Rxc4 29.
Rxe7 Qb5 30. Qxa5 Qb1+ 31. Kh2 Qd1 32. Re1 Qc2 33. Be3 1-0

[Event "*** Titled Tuesday Blitz"]
[Site "Chess.com"]
[Date "2020.05.05"]
[Round "9"]
[White "ManuDavid2910"]
[Black "blitzking1729"]
[Result "1-0"]
[WhiteElo "2649"]
[BlackElo "2507"]
[TimeControl "180+1"]
[EndTime "11:47:49 PDT"]
[Termination "ManuDavid2910 won by checkmate"]

1. e4 c6 2. Nf3 d5 3. exd5 cxd5 4.
d4 Nc6 5. c4 Nf6 6. Nc3 g6 7.
Bg5 Bg7 8. Bxf6 exf6 9. cxd5 Ne7 10. Bb5+ Bd7 11. d6 Bxb5 12. Nxb5 Qa5+ 13. Nc3 Nf5 14. Qe2+ Kf8 15. O-O Nxd6 16. Rfe1 Qd8 17. Rad1 f5 18. Ne5 Bf6 19. Nd5 Kg7 20. Qf3 Ne4 21.
Nf4 Re8 22. g4 Bxe5 23. dxe5 Qg5 24. e6 Nf6 25. Qxb7 Qxg4+ 26. Kf1 Qxf4 27. Qxf7+ Kh6 28. Qxf6 Qc4+ 29. Re2 Qg4 30. Rd4 Qh3+ 31. Kg1 Kh5 32. Re3 Qxe3 33. Rh4# 1-0

[Event "*** Titled Tuesday Blitz"]
[Site "Chess.com"]
[Date "2020.05.05"]
[Round "9"]
[White "mamonika"]
[Black "DonPreuss"]
[Result "1-0"]
[WhiteElo "1992"]
[BlackElo "2156"]
[TimeControl "180+1"]
[EndTime "11:47:49 PDT"]
[Termination "mamonika won by checkmate"]

1. e4 e5 2. Nf3 d5 3. exd5 e4 4.
Nd4 Qxd5 5. Nb5 Na6 6. N1c3 Qe6 7. Qe2 Nf6 8. d4 Bb4 9. Bf4 Nd5 10. Bd2 Bxc3 11. Nxc3 Nab4 12. O-O-O Nxc3 13. Bxc3 Nxa2+ 14. Kb1 Nxc3+ 15. bxc3 Bd7 16. Qc4 Qe7 17. Qb4 Qf6 18. Bb5 c6 19. Bc4 a5 20. Qb3 O-O 21. Rhe1 b5 22.
Bf1 Be6 23. Qb2 Bd5 24. Re3 Qxf2 25. Rde1 f5 26. Qc1 f4 27. Rh3 Bc4 28. Bxc4+ bxc4 29. Rxe4 Rab8+ 30. Ka1 f3 31. gxf3 Rxf3 32. Rxf3 Qxf3 33.
Qe1 Qf8 34. Re7 h6 35. Qe6+ Kh8 36. Ka2 Rd8 37. Rf7 Qe8 38. Qg6 Qg8 39. Rc7 Qe8 40.
Qxg7# 1-0

[Event "*** Titled Tuesday Blitz"]
[Site "Chess.com"]
[Date "2020.05.05"]
[Round "9"]
[White "DinaBelenkaya"]
[Black "Manukyan_Artak"]
[Result "0-1"]
[WhiteElo "2121"]
[BlackElo "2325"]
[TimeControl "180+1"]
[EndTime "11:47:50 PDT"]
[Termination "Manukyan_Artak won by resignation"]

1. e4 c5 2. Nf3 a6 3. c4 Nc6 4. Nc3 g6 5. d4 cxd4 6. Nxd4 Bg7 7. Be3 d6 8. Be2 Nf6 9. O-O O-O 10. f3 h5 11. Qd2 Nxd4 12. Bxd4 Be6 13. b3 Qa5 14. Rfd1 Rfd8 15. Rac1 Rac8 16. Kh1 h4 17. Bxf6 Bxf6 18. Nd5 Qxd2 19. Nxf6+ Kg7 20. Rxd2 Kxf6 21. Rdc2 g5 22. Kg1 a5 23. Kf1 Rc5 24. Ke1 Rdc8 25. Kd2 Ke5 26. a3 f5 27. Ke3 fxe4 28. fxe4 b5 29. Bd3 bxc4 30. Bxc4 a4 31. Bd3 axb3 32. Rxc5+ dxc5 33. Bb5 c4 34. Kd2 Kd4 35. Rd1 c3+ 36. Kc1+ Kc5 37. Ba6 Rb8 38. Rd3 b2+ 39. Kb1 Ba2+ 0-1

[Event "*** Titled Tuesday Blitz"]
[Site "Chess.com"]
[Date "2020.05.05"]
[Round "9"]
[White "Azeryahu"]
[Black "Shota_Azaladze"]
[Result "0-1"]
[WhiteElo "2876"]
[BlackElo "2717"]
[TimeControl "180+1"]
[EndTime "11:47:51 PDT"]
[Termination "Shota_Azaladze won by resignation"]

1. e4 g6 2. f4 Bg7 3. Nc3 c6 4. Nf3 d5 5. Qe2 d4 6. Nd1 c5 7. Nf2 Nc6 8. a3 Nf6 9. g3 O-O 10. Bg2 e5 11. O-O Re8 12. d3 exf4 13. gxf4 Nd5 14. Kh1 Qc7 15. e5 f6 16. Ng5 Qd8 17. Qf3 Ne3 18. Bxe3 fxg5 19. Bd2 gxf4 20. Bxf4 Nxe5 21. Qg3 Bf5 22. Rae1 Nc6 23. Ne4 Bxe4 24.
Bxe4 Qd7 25. h4 Ne5 26. Rg1 Kh8 27. h5 gxh5 28. Bf5 Qc6+ 29. Be4 Qf6 30. Ref1 Ng4 31.
Qh3 Rxe4 32. dxe4 Qg6 33. Qf3 Rf8 34. Qg2 Re8 35. Rd1 Rxe4 36. Bg3 Qe6 37. Rdf1 Ne3 38.
Qf3 Nxf1 39. Rxf1 Re3 40. Qxb7 Qh3+ 0-1

[Event "*** Titled Tuesday Blitz"]
[Site "Chess.com"]
[Date "2020.05.05"]
[Round "9"]
[White "VALPARAISO37"]
[Black "TargetA"]
[Result "0-1"]
[WhiteElo "2389"]
[BlackElo "2534"]
[TimeControl "180+1"]
[EndTime "11:47:51 PDT"]
[Termination "TargetA won on time"]

1. d4 Nf6 2. c4 g6 3. Nc3 Bg7 4. e4 d6 5. f3 O-O 6. Be3 c5 7. Nge2 Nc6 8. d5 Ne5 9. Ng3 a6 10. a4 Qa5 11. Ra3 Bd7 12. Be2 h5 13. O-O e6 14.
dxe6 Bxe6 15. Qxd6 Nxc4 16. Bxc4 Bxc4 17. Re1 Rac8 18. Qd2 Rfd8 19. Qc1 Qb4 20. a5 Bb3 21. Nge2 Rd3 22. Nf4 Rdd8 23. Kh1 Kh8 24. Bd2 Qc4 25. Be3 Kh7 26. Nh3 Qb4 27. Ng5+ Kg8 28. Nh3 c4 29.
Bb6 Rd7 30. Nf4 Re8 31. Nfd5 Nxd5 32. Nxd5 Rxd5 33. Bf2 Rd2 34. Bc5 Qxc5 35. Rxb3 Qf2 36. Rg1 cxb3 37. Qc7 Bd4 0-1

[Event "*** Titled Tuesday Blitz"]
[Site "Chess.com"]
[Date "2020.05.05"]
[Round "9"]
[White "WinstonSilvakov"]
[Black "NefeLV"]
[Result "0-1"]
[WhiteElo "2142"]
[BlackElo "1796"]
[TimeControl "180+1"]
[EndTime "11:47:51 PDT"]
[Termination "NefeLV won by resignation"]

1. d4 g6 2. Nc3 Bg7 3. e4 c6 4. e5 d6 5. f4 Nh6 6. Nf3 dxe5 7. fxe5 Bg4 8. Bf4 Bxf3 9. gxf3 Nf5 10. d5 cxd5 11. Qxd5 Nc6 12. O-O-O Qxd5 13. Nxd5 O-O-O 14. Bc4 Na5 15. Be2 h6 16. h4 g5 17. Bd3 gxf4 18. Bxf5+ e6 19. Ne7+ Kc7 20. Bd3 Bxe5 21. b4 Rd7 22.
bxa5 Rxe7 23. c4 Rd8 24. Kc2 Bd4 25. Be4 f5 26. Bd3 Rg7 27. Rde1 Rg2+ 28. Kb1 Rb2+ 29. Kc1 Rxa2 30. Rxe6 Be3+ 31. Kb1 Rxa5 32. Re7+ Kb8 33. Bc2 Bd4 34. Bb3 Ra1+ 0-1

[Event "*** Titled Tuesday Blitz"]
[Site "Chess.com"]
[Date "2020.05.05"]
[Round "9"]
[White "Zhuu96"]
[Black "Stewie_89"]
[Result "1-0"]
[WhiteElo "2913"]
[BlackElo "2638"]
[TimeControl "180+1"]
[EndTime "11:47:52 PDT"]
[Termination "Zhuu96 won by checkmate"]

1. e4 c5 2. Nf3 e6 3. d4 cxd4 4. Nxd4 a6 5. Bd3 Bc5 6. Nb3 Be7 7. Qe2 d6 8. O-O Nf6 9. c4 Nbd7 10. Nc3 b6 11. f4 e5 12. f5 Bb7 13. g4 h6 14.
Be3 Qc7 15. Nd5 Nxd5 16. cxd5 Nc5 17. Rac1 Qd8 18. Nxc5 bxc5 19. Rb1 h5 20. b4 c4 21. Bxc4 hxg4 22. Qxg4 Kf8 23. Bd3 Rh4 24. Qe2 Bg5 25. Bf2 Rh3 26. Bg3 Rc8 27. Kg2 Rh6 28. Rf3 Rh8 29.
a4 Ke7 30. a5 Qc7 31. Rb2 Qc1 32.
b5 axb5 33. Bxb5 Rc5 34. a6 Ba8 35. Bf2 Bf4 36. h3 Rc3 37. Rxc3 Qxc3 38. Bd3 Qc1 39. Rc2 Qa1 40. f6+ Kxf6 41. Qg4 g6 42. Rc7 Rd8 43. Bh4+ g5 44. Qf5+ Kg7 45. Qxf7+ Kh6 46. Qh7# 1-0

[Event "*** Titled Tuesday Blitz"]
[Site "Chess.com"]
[Date "2020.05.05"]
[Round "9"]
[White "talaicito"]
[Black "CroissantNeuf"]
[Result "0-1"]
[WhiteElo "2201"]
[BlackElo "2348"]
[TimeControl "180+1"]
[EndTime "11:47:52 PDT"]
[Termination "CroissantNeuf won on time"]

1. d4 Nf6 2. Nc3 d5 3. Bf4 e6 4. e3 Bb4 5. a3 Bxc3+ 6. bxc3 c5 7. c4 Qa5+ 8. Qd2 Qxd2+ 9. Kxd2 cxd4 10. exd4 Nc6 11.
c3 Ne4+ 12. Ke1 Nxc3 13. Nf3 O-O 14. Bd3 f6 15. Rc1 Ne4 16. h4 Bd7 17. Be3 Rac8 18.
Bxe4 dxe4 19. Nd2 f5 20. g3 e5 21. d5 Nd4 22. f4 exf3 23. Bxd4 exd4 24. Nxf3 f4 25. Nxd4 fxg3 26. Rg1 Rce8+ 27. Kd2 Re4 28. Kd3 Rxh4 29. Rxg3 Rff4 30. Ne2 Bf5+ 31. Kd2 Rxc4 32. Rxc4 Rxc4 33. d6 Rc6 0-1

[Event "*** Titled Tuesday Blitz"]
[Site "Chess.com"]
[Date "2020.05.05"]
[Round "9"]
[White "BabyBoss31"]
[Black "JessPinkman"]
[Result "0-1"]
[WhiteElo "2302"]
[BlackElo "2464"]
[TimeControl "180+1"]
[EndTime "11:47:53 PDT"]
[Termination "JessPinkman won on time"]

1. d4 Nf6 2. c4 g6 3. Nc3 d5 4.
cxd5 Nxd5 5. e4 Nxc3 6. bxc3 Bg7 7. Bc4 O-O 8. Ne2 c5 9. Be3 Nc6 10. O-O b6 11. dxc5 Qc7 12. Nd4 Ne5 13. Nb5 Qb8 14.
Bd5 Ng4 15. g3 Nxe3 16. fxe3 bxc5 17. Rb1 Bh3 18. Rf2 a6 19. Na3 Qe5 20. Bxa8 Rxa8 21. Qd5 Qxd5 22. exd5 Bxc3 23. Rb7 Bf6 24. d6 Kg7 25.
dxe7 Re8 26. Nc4 Be6 27. Nd6 Rxe7 28. Rb8 Bg5 29. Re2 Bg4 30. Re1 Rxe3 31. Re8 Rd3 32.
Rf1 Rxd6 0-1